Map: Romanticide LE

Players

Stephano

  • Race: Zerg Zerg

Spirit (souL) - Winner!

  • Race: Terran Terran

Event: DreamHack SC2 Masters 2021 Winter

VOD

Have the link to the VOD?

Description

Time

  • Played on: Oct. 3, 2021, 11:57 a.m.
  • Length: 15:07

All games in this series

Show
View Real Time Build Order
Export as new Build Order

Stephano Zerg 

Build Orders: Hatch First 

Get SALT Encoding   

  12  0:00  Drone  
  13  0:12  Overlord  
  13  0:17  Drone  
  14  0:30  Drone x2  
  16  0:48  Hatchery  
  15  0:50  Drone  
  15  0:54  Drone  
  15  0:57  Drone  
  18  1:08  Extractor  
  17  1:12  Spawning Pool  
  17  1:15  Drone  
  17  1:18  Drone  
  18  1:27  Drone  
  19  1:39  Drone  
  20  1:49  Drone  
  21  1:59  Queen  
  21  2:00  Zergling x2, Queen  
  21  2:01  Zergling x2  
  27  2:13  Hatchery  
  27  2:14  Drone  
  27  2:16  Drone  
  28  2:23  Overlord  
  28  2:29  Metabolic Boost  
  28  2:45  Drone x2  
  28  2:46  Drone x3  
  33  2:53  Queen  
  33  2:57  Overlord  
  35  3:02  Drone  
  36  3:16  Drone x3  
  36  3:17  Zergling x4  
  36  3:19  Queen  
  43  3:21  Drone  
  43  3:26  Drone x2, Queen  
  48  3:31  Queen  
  50  3:49  Overlord  
  50  3:52  Overlord  
  50  3:57  Overlord  
  50  4:07  Extractor  
  50  4:08  Drone x9, Extractor  
  57  4:13  Roach Warren  
  57  4:14  Lair  
  56  4:22  Drone x6  
  61  4:29  Drone  
  62  4:31  Queen  
  62  4:41  Spore Crawler  
  62  4:43  Spore Crawler, Overlord  
  62  4:44  Zergling x4  
  62  4:45  Zergling x4  
  64  4:54  Drone  
  64  4:55  Overlord  
  64  4:57  Drone  
  64  4:58  Overlord x2  
  66  5:09  Roach  
  66  5:10  Roach x5  
  78  5:15  Nydus Network  
  78  5:19  Roach x2  
  81  5:32  Roach x6  
  93  5:37  Overlord x2  
  91  5:45  Roach x4  
  99  5:57  Nydus Canal  
  99  6:00  Roach  
  99  6:01  Roach x5  
  110  6:12  Roach x4  
  116  6:20  Nydus Canal  
  116  6:28  Overlord  
  116  6:31  Overseer  
  116  6:32  Drone x2  
  118  6:33  Drone  
  117  6:51  Drone x6  
  121  6:55  Evolution Chamber x2  
  121  6:58  Ravager x2  
  121  6:59  Ravager  
  122  7:02  Queen x2  
  122  7:05  Extractor x2  
  124  7:14  Drone x2  
  124  7:15  Drone x4  
  129  7:16  Hatchery  
  129  7:17  Glial Reconstitution  
  121  7:33  Roach  
  121  7:34  Roach x5  
  111  7:42  Drone x4  
  113  7:47  Zerg Ground Armor Level 1  
  113  7:50  Extractor  
  106  7:55  Drone x4  
  110  7:58  Zerg Missile Weapons Level 1  
  110  8:03  Drone  
  110  8:04  Drone x2  
  113  8:08  Nydus Canal  
  113  8:14  Roach x2  
  113  8:16  Ravager x2  
  119  8:28  Roach x8  
  135  8:38  Roach x2  
  135  8:39  Roach  
  120  8:55  Roach x10  
  120  9:04  Tunneling Claws  
  120  9:05  Burrow  
  120  9:07  Drone x3  
  120  9:08  Drone  
  124  9:16  Drone x4  
  124  9:17  Drone x4  
  130  9:19  Ravager x3  
  135  9:35  Roach  
  135  9:36  Overlord x3  
  133  9:40  Overlord  
  133  9:44  Zerg Ground Armor Level 2  
  133  9:53  Nydus Canal  
  133  9:59  Extractor  
  132  10:03  Roach x8  
  148  10:11  Drone x2  
  148  10:12  Drone x2, Overlord  
  142  10:38  Drone  
  142  10:39  Drone x2  
  142  10:41  Roach  
  142  10:48  Drone x4  
  146  10:50  Overlord x3  
  146  10:51  Overlord  
  146  10:52  Roach x4  
  154  11:04  Overlord  
  154  11:10  Drone x8  
  160  11:15  Spore Crawler  
  160  11:16  Roach x2  
  159  11:27  Drone x3  
  159  11:28  Drone  
  162  11:33  Spore Crawler  
  162  11:34  Roach x4  
  169  11:41  Ravager x10  
  169  11:43  Roach  
  169  11:44  Roach  
  183  11:52  Overseer  
  183  11:56  Drone x7  
  183  11:59  Ravager x5  
  195  12:11  Pneumatized Carapace  
  195  12:22  Roach  
  199  12:23  Roach  
  199  12:32  Extractor  
  199  12:35  Roach x3  
  189  12:41  Hatchery  
  175  12:44  Roach  
  175  12:45  Roach x8  
  175  12:46  Overlord  
  193  12:52  Overlord x2  
  193  13:00  Roach x3  
  193  13:13  Nydus Canal  
  193  13:14  Roach x8  
  193  13:24  Overseer  
  193  13:25  Roach x8  
  180  13:28  Roach x10  
  180  13:33  Roach x8  
  200  13:41  Nydus Canal  
  196  13:58  Nydus Canal  
  196  13:59  Roach x2  
  196  14:01  Overlord  
  168  14:13  Roach x17  
  168  14:14  Roach  
  161  14:21  Roach  
  151  14:31  Roach x2  
  155  14:43  Roach x24  
  155  14:51  Hatchery  
Show
View Real Time Build Order
Export as new Build Order

Spirit Terran - Winner!

Build Orders: Reaper Expand 

Get SALT Encoding   

  12  0:00  SCV  
  13  0:12  SCV  
  14  0:17  Supply Depot  
  14  0:24  SCV  
  15  0:39  SCV  
  15  0:40  Barracks  
  16  0:44  Refinery  
  16  0:51  SCV  
  17  1:03  SCV  
  18  1:17  SCV  
  19  1:28  Reaper  
  19  1:30  Orbital Command  
  20  1:40  Command Center  
  20  1:52  Supply Depot  
  20  1:55  SCV  
  20  2:00  Marine  
  22  2:07  SCV  
  23  2:15  Factory  
  23  2:19  SCV  
  23  2:22  Barracks Reactor  
  24  2:31  SCV  
  25  2:40  Command Center  
  25  2:48  SCV  
  26  2:52  Orbital Command  
  26  3:00  SCV  
  26  3:03  Barracks  
  27  3:08  Hellion  
  27  3:10  Hellion  
  27  3:12  SCV  
  32  3:14  Barracks Tech Lab  
  32  3:19  SCV  
  33  3:24  SCV  
  34  3:30  Hellion  
  34  3:31  Hellion, SCV  
  39  3:35  Stimpack, Marine  
  39  3:37  SCV  
  41  3:43  SCV  
  42  3:49  SCV  
  42  3:53  Refinery  
  42  3:54  Orbital Command  
  42  3:55  SCV  
  44  3:56  Starport  
  44  4:01  SCV, Marine x2  
  44  4:02  Marine  
  47  4:06  Factory Reactor  
  47  4:07  SCV  
  49  4:12  Supply Depot  
  49  4:13  SCV  
  50  4:19  SCV, Marine x2  
  51  4:24  Marine  
  51  4:25  SCV  
  51  4:26  SCV  
  54  4:31  SCV  
  54  4:33  Supply Depot  
  54  4:37  SCV, Marine x2  
  59  4:40  Orbital Command  
  59  4:42  Marine  
  59  4:43  SCV  
  59  4:45  Supply Depot  
  60  4:47  Refinery x2  
  60  4:49  SCV  
  60  4:50  Medivac  
  60  4:51  Hellion  
  65  4:54  Medivac  
  65  4:55  SCV, Marine  
  65  4:56  Supply Depot  
  65  4:57  Marine  
  70  5:00  Marine  
  70  5:01  SCV  
  70  5:07  SCV x2  
  73  5:12  Marine  
  73  5:13  SCV  
  76  5:15  Engineering Bay, Factory Tech Lab  
  76  5:16  Engineering Bay  
  76  5:17  Combat Shield  
  76  5:19  SCV  
  76  5:20  SCV  
  78  5:25  SCV, Marine  
  80  5:31  SCV, Marine, Starport Reactor  
  80  5:32  SCV  
  81  5:37  Siege Tank  
  81  5:38  SCV, Marine  
  86  5:43  SCV, Marine  
  86  5:44  SCV  
  86  5:45  Terran Infantry Weapons Level 1  
  86  5:49  Marine  
  90  5:50  SCV  
  90  5:53  Supply Depot  
  90  5:55  SCV, Marine  
  92  5:57  Barracks  
  92  5:58  Barracks  
  92  6:01  Marine  
  93  6:07  Marine  
  91  6:12  Siege Tank  
  91  6:13  Supply Depot  
  91  6:15  Supply Depot  
  93  6:18  Medivac, Marine  
  93  6:21  Engineering Bay  
  93  6:22  Marine  
  93  6:25  Marine  
  93  6:36  Marine  
  93  6:39  Marine  
  91  6:43  Marine  
  91  6:44  Siege Tank  
  93  6:50  SCV x2  
  93  6:54  Marine  
  93  6:57  Marine  
  93  7:01  Marine  
  95  7:02  SCV x2  
  98  7:09  Barracks Reactor  
  98  7:12  Marine  
  98  7:14  SCV  
  98  7:15  SCV, Marine  
  101  7:16  Siege Tank  
  101  7:19  Marine  
  106  7:26  SCV  
  106  7:27  SCV  
  108  7:30  Marine  
  108  7:33  Marine  
  108  7:36  Marine  
  108  7:39  SCV x2  
  110  7:47  Marine  
  110  7:48  Siege Tank  
  110  7:51  SCV x2, Marine  
  115  7:54  Marine  
  117  8:06  Missile Turret  
  117  8:09  Command Center  
  117  8:18  Armory  
  117  8:20  Refinery  
  117  8:21  Supply Depot  
  117  8:25  SCV  
  117  8:32  Marine x3  
  117  8:34  SCV, Marine x2  
  117  8:35  Siege Tank  
  117  8:40  Orbital Command  
  117  8:47  SCV  
  117  8:48  SCV  
  117  8:49  Marine  
  117  8:54  Liberator  
  117  8:59  SCV  
  117  9:00  SCV  
  115  9:03  Terran Infantry Armor Level 1  
  115  9:04  Marine x2  
  117  9:14  Marine  
  117  9:19  Supply Depot  
  117  9:20  Supply Depot x2, Medivac, Siege Tank, SCV x3, Marine x2  
  117  9:22  Marine  
  128  9:32  SCV x3, Marine  
  128  9:36  Terran Infantry Weapons Level 2  
  128  9:37  Medivac  
  132  9:43  Marine  
  132  9:44  SCV x3  
  136  9:47  Refinery  
  136  9:49  Refinery  
  136  9:50  Medivac  
  136  9:52  Marine x4  
  141  9:55  Supply Depot x3  
  141  9:56  SCV x3  
  141  9:58  Barracks  
  145  10:00  Barracks  
  145  10:01  Marine  
  145  10:06  Barracks  
  146  10:07  Medivac  
  146  10:08  SCV x3  
  146  10:09  Barracks  
  146  10:10  Marine x2  
  146  10:13  Planetary Fortress  
  153  10:16  Marine x2  
  153  10:19  Marine  
  153  10:20  Medivac  
  153  10:21  SCV x2  
  160  10:24  Siege Tank  
  160  10:28  Marine x2  
  165  10:34  Marine x2  
  165  10:36  Marine  
  165  10:37  Medivac, Terran Vehicle Weapons Level 1  
  165  10:40  Barracks  
  165  10:41  Sensor Tower  
  165  10:42  Missile Turret  
  165  10:45  Marine  
  165  10:46  Marine  
  165  10:47  Marine  
  165  10:49  Marine  
  169  10:52  Supply Depot, Marine x2  
  169  10:55  SCV x4  
  175  10:57  Barracks Tech Lab x2  
  175  11:01  Ghost Academy  
  175  11:02  Missile Turret  
  175  11:05  Bunker  
  175  11:07  SCV x4  
  178  11:14  Sensor Tower  
  178  11:15  Barracks Tech Lab x2  
  178  11:19  Missile Turret  
  178  11:22  Siege Tank  
  179  11:25  Medivac  
  177  11:33  Personal Cloaking, Ghost  
  177  11:36  Ghost  
  180  11:40  Command Center  
  180  11:45  Barracks Tech Lab  
  180  11:52  Refinery x2  
  180  11:54  Siege Tank, Ghost x2  
  180  11:59  Missile Turret  
  180  12:00  SCV  
  188  12:08  Supply Depot  
  188  12:10  Supply Depot x2  
  188  12:21  Fusion Core  
  188  12:22  SCV  
  188  12:24  Starport  
  188  12:25  Factory  
  188  12:26  Ghost  
  183  12:30  Ghost  
  164  12:45  Ghost  
  164  12:46  Marine x2  
  164  12:47  Marine  
  164  12:48  Marauder  
  171  12:55  Command Center, Ghost x2  
  173  13:06  Marauder x2, Marine  
  173  13:07  Marine  
  173  13:08  Missile Turret  
  173  13:09  Marauder  
  181  13:16  Marine  
  181  13:17  Marauder  
  181  13:19  Factory Tech Lab  
  184  13:20  Marine  
  184  13:24  Missile Turret  
  184  13:28  Missile Turret  
  184  13:29  Siege Tank, Marine  
  184  13:30  Marauder  
  184  13:31  Marauder, Marine  
  184  13:33  Ghost  
  189  13:34  Ghost  
  189  13:39  Medivac  
  193  13:47  Ghost  
  193  13:48  Ghost  
  195  13:50  Ghost  
  195  13:53  Ghost  
  198  14:02  Ghost  
  196  14:03  Ghost  
  196  14:08  Marine  
  190  14:13  Siege Tank  
  190  14:16  Ghost  
  178  14:17  Marauder  
  178  14:19  Marauder  
  178  14:21  Siege Tank  
  184  14:27  SCV x4  
  188  14:36  Marauder, Marine  
  189  14:39  SCV  
  189  14:40  SCV  
  190  14:54  Sensor Tower  
  190  14:55  Missile Turret  

Tags
 
Add a new tag
Caveats
  • Supply blocks, unpowered buildings, or Contaminate may cause inaccurate times.
  • Supply counts are checked every 10 seconds.